 Dungeon Crawl Stone Soup version 0.24.0-37-gcf1ca852f1 (webtiles) character file.

Game seed: 3822387090867589312, levelgen mode: deterministic

10553 grindst0ne the Fighter (level 11, 0/73 HPs)
             Began as a Tengu Artificer on Dec 2, 2019.
             Was a High Priest of Okawaru.
             Slain by a freezing wraith (19 damage)
             ... on level 10 of the Dungeon.
             The game lasted 00:19:10 (10528 turns).

grindst0ne the Fighter (Tengu Artificer)           Turns: 10528, Time: 00:19:11

Health: 0/73       AC: 14    Str: 17    XL:     11   Next: 63%
Magic:  17/17      EV: 10    Int: 13    God:    Okawaru [*****.]
Gold:   618        SH:  0    Dex: 14    Spells: 10/10 levels left

rFire    . . .     SeeInvis .   M - +10 morningstar "Eos" {elec, Halo rElec}
rCold    . . .     Gourm    +   (no shield)
rNeg     + . .     Faith    .   w - +0 chain mail
rPois    +         Spirit   .   (helmet restricted)
rElec    +         Reflect  .   r - +0 cloak
rCorr    .         Harm     .   m - +0 pair of gloves
MR       +....                  (boots unavailable)
Stlth    ..........             c - amulet of the gourmand
HPRegen  0.22/turn              o - ring of poison resistance
MPRegen  0.15/turn              b - ring "Reegad" {rPois rN+ MR+ Str+2 Slay+3}

@: about to teleport, flying quickly and evasively, glowing, quick
A: beak, talons 3, able to fly
a: Stop Flying, Heroism, Finesse, Renounce Religion


You were on level 10 of the Dungeon.
You worshipped Okawaru.
Okawaru was extremely pleased with you.
You were completely stuffed.

You visited 1 branch of the dungeon, and saw 10 of its levels.

You collected 618 gold pieces.

Inventory:

Hand Weapons
 F - a +4 battleaxe of freezing
 M - the +10 morningstar "Eos" (weapon) {elec, Halo rElec}
   (You found it on level 7 of the Dungeon)

   Occasionally, upon striking a foe, it will discharge some electrical energy
   and cause terrible harm.
   It insulates you from electricity.
Missiles
 j - a throwing net
 y - 10 curare-tipped darts (quivered)
Armour
 g - a +0 plate armour
 m - a +0 pair of gloves (worn)
 r - a +0 cloak (worn)
 w - a +0 chain mail (worn)
Jewellery
 b - the ring "Reegad" (right hand) {rPois rN+ MR+ Str+2 Slay+3}
   (You found it on level 8 of the Dungeon)

   [ring of strength]

   It affects your strength (+2).
   It affects your accuracy and damage with ranged weapons and melee attacks
   (+3).
   It protects you from poison.
   It protects you from negative energy.
   It affects your resistance to hostile enchantments.
 c - an amulet of the gourmand (around neck)
 o - a ring of poison resistance (left hand)
Wands
 d - a wand of enslavement (15)
 e - a wand of random effects (19)
 k - a wand of disintegration (17)
 D - a wand of paralysis (6)
 L - a wand of flame (13)
Scrolls
 h - 5 scrolls of remove curse
 i - 2 scrolls of magic mapping
 l - 5 scrolls of teleportation
 p - a scroll of immolation
 s - a scroll of amnesia
 t - 2 scrolls of enchant armour {unknown}
 u - 2 scrolls of fog
 z - 2 scrolls of enchant weapon
 A - 5 scrolls of fear
Potions
 n - 3 potions of might
 q - 4 potions of degeneration
 v - 5 potions of curing
 x - 2 potions of brilliance
 B - 2 potions of magic
 C - a potion of lignification {unknown}
 E - 2 potions of heal wounds
 G - 2 potions of haste {unknown}
 H - a potion of mutation {unknown}
 I - a potion of ambrosia {unknown}
 J - a potion of invisibility {unknown}
 K - a potion of cancellation {unknown}
Comestibles
 a - 5 chunks of flesh
 f - 16 rations


   Skills:
 + Level 10.4 Fighting
   Level 1.1 Short Blades
 - Level 8.0(9.0) Axes
 + Level 6.2(8.1) Maces & Flails
 + Level 9.2 Armour
 - Level 2.1 Dodging
 - Level 1.0 Stealth
 + Level 1.7 Invocations
 + Level 7.9 Evocations


You had 10 spell levels left.
You didn't know any spells.
Your spell library contained the following spells:

 Spells                   Type           Power        Failure   Level  Hunger
 Animate Skeleton         Necr           N/A          97%         1    ##.....
 Apportation              Tloc           #.....       97%         1    ##.....
 Confusing Touch          Hex            #.....       97%         1    ##.....
 Summon Small Mammal      Summ           #...         97%         1    ##.....


Dungeon Overview and Level Annotations

Branches:
Dungeon (10/15)            Temple (0/1) D:7            Lair (0/6) D:9
    Orc: D:9-12

Altars:
Ashenzari
Cheibriados
Dithmenos
Fedhas
Gozag
Hepliaklqana
Nemelex Xobeh
Okawaru
Sif Muna
Xom
The Shining One

Shops:
D:8 [

Annotations:
D:3 exclusion: 2 downstairs
D:7 2 transporters, Nilihum's ghost, amateur DEWz


Innate Abilities, Weirdness & Mutations

You have a beak for a mouth.
You have claws for feet.
You can fly continuously.


Message History

The yak gores you but does no damage.
You sock the yak! You claw the yak. You peck the yak!
The yak is severely wounded.
The yak gores you but does no damage.
You bludgeon the yak!! Lightning courses through the yak!
You kill the yak!
Okawaru accepts your kill. The freezing wraith hits you.
The freezing wraith freezes you!!
* * * LOW HITPOINT WARNING * * *
The freezing wraith hits you but does no damage.
You hit the freezing wraith.
You peck the freezing wraith, but do no damage.
The freezing wraith is lightly damaged.
The freezing wraith barely misses you.
The freezing wraith hits you but does no damage.
As you read the scroll of teleportation, it crumbles to dust.
You feel strangely unstable. The freezing wraith hits you.
* * * LOW HITPOINT WARNING * * *
The freezing wraith freezes you!!
You die...

.# #.....# +# #.##..# ..##
#.##..## ## ...###.##..+.# #.+
....##.##..##.# #.#
.....#.....# #.# #.#
...(.'.....# #W#†# .....#.##..#
#W# ....##.....#####@#### #+#
...###.###.##.......######.####
..## #.. ..#..##.##..##..#.#..#
'## ###
..#.##...##.##....#..##. .#
#.#.#.....#.#####.#.###. .#
#.+.#.....#.'...(.....+. .##
#.#.#.....#.###(#.#####. ..##
#.#.##...##.##).#....##. ...##
#.#..#####..##..#.#..##.


You could see a freezing wraith and a shadow (invisible).

Vanquished Creatures
  An ice dragon (D:10)
  A two-headed ogre (D:7)
  A cyclops (D:10)
  Maurice (D:9)
  2 trolls
  A merfolk (D:9)
  A hippogriff (D:7)
  A vampire (D:8)
  11 yaks
  Grum (D:8)
  A basilisk (D:10)
  A hungry ghost (D:8)
  Edmund (D:4)
  An acid dragon (D:10)
  3 porcupines (D:9)
  A sky beast (D:10)
  3 orc warriors
  3 black bears
  A phantom (D:9)
  A necrophage (D:6)
  8 ogres
  2 wolves (D:8)
  5 centaurs
  2 crocodiles (D:9)
  9 bullfrogs
  A wyvern skeleton (D:8)
  A wyvern zombie (D:9)
  2 scorpions (D:6)
  An electric eel (D:6)
  2 howler monkeys
  5 wights
  A bullfrog zombie (D:8)
  A centaur zombie (D:6)
  5 crimson imps
  3 jellies
  Crazy Yiuf (D:7)
  2 centaur skeletons
  6 hounds
  A bullfrog skeleton (D:10)
  4 orc priests
  7 orc wizards
  2 iguanas (D:5)
  8 worker ants
  Terence (D:2)
  A hound zombie (D:6)
  A hound skeleton (D:9)
  A howler monkey zombie (D:8)
  10 gnolls
  14 adders
  A shadow imp (D:6)
  3 oozes
  An adder skeleton (D:6)
  An adder zombie (D:5)
  3 worms
  4 leopard geckos
  28 orcs
  11 giant cockroaches
  3 goblins
  10 hobgoblins
  6 kobolds
  4 quokkas
  2 ball pythons
  10 bats
  2 frilled lizards
  A leopard gecko zombie (D:6)
  A quokka skeleton (D:7)
  8 rats
  A plant (D:9)
244 creatures vanquished.

Vanquished Creatures (others)
  4 fungi (D:9)
  A plant (D:9)
5 creatures vanquished.

Grand Total: 249 creatures vanquished

Notes
Turn   | Place    | Note
-------+----------+-------------------------------------------
     0 | D:1      | grindst0ne the Tengu Artificer began the quest for the Orb.
     0 | D:1      | Reached XP level 1. HP: 12/12 MP: 4/4
   213 | D:1      | Reached skill level 2 in Fighting
   213 | D:1      | Reached XP level 2. HP: 17/17 MP: 5/5
   902 | D:2      | Reached XP level 3. HP: 16/22 MP: 6/6
   904 | D:2      | Reached skill level 3 in Fighting
  1072 | D:2      | Reached XP level 4. HP: 24/29 MP: 7/7
  1076 | D:2      | Reached skill level 4 in Fighting
  1121 | D:2      | Noticed Terence
  1131 | D:2      | Killed Terence
  1726 | D:3      | Found a shadowy altar of Dithmenos.
  1726 | D:3      | Found a sparkling altar of Nemelex Xobeh.
  1785 | D:3      | Gained mutation: You can fly continuously. [Tengu growth]
  1785 | D:3      | Reached XP level 5. HP: 29/34 MP: 8/8
  1896 | D:3      | Reached skill level 1 in Axes
  1996 | D:3      | Reached skill level 5 in Fighting
  2759 | D:3      | Reached XP level 6. HP: 30/40 MP: 9/9
  3715 | D:4      | Found a shattered altar of Ashenzari.
  3780 | D:4      | Found a hazy altar of Hepliaklqana.
  3812 | D:4      | Found a blossoming altar of Fedhas.
  3887 | D:4      | Noticed Edmund
  3906 | D:4      | Killed Edmund
  3906 | D:4      | Reached skill level 6 in Fighting
  3906 | D:4      | Reached XP level 7. HP: 36/46 MP: 10/10
  3991 | D:4      | Found a glowing golden altar of the Shining One.
  3995 | D:4      | Found an opulent altar of Gozag.
  4006 | D:4      | Found a shimmering altar of Xom.
  4042 | D:4      | Reached skill level 1 in Armour
  4296 | D:5      | Entered Level 5 of the Dungeon
  4307 | D:5      | Noticed a troll
  4312 | D:5      | Killed a troll
  4312 | D:5      | Reached skill level 5 in Axes
  4312 | D:5      | Reached XP level 8. HP: 52/52 MP: 11/11
  4502 | D:5      | Reached skill level 7 in Fighting
  5966 | D:6      | Reached XP level 9. HP: 28/58 MP: 12/12
  6162 | D:6      | Reached skill level 5 in Armour
  6305 | D:6      | Found an iron altar of Okawaru.
  6351 | D:6      | Reached skill level 8 in Fighting
  6924 | D:6      | Became a worshipper of Warmaster Okawaru
  7333 | D:6      | Found a shimmering blue altar of Sif Muna.
  7591 | D:7      | Found a staircase to the Ecumenical Temple.
  7605 | D:7      | Found a transporter.
  7605 | D:7      | Noticed Nilihum's ghost (amateur DEWz)
  7611 | D:7      | Found a transporter.
  7611 | D:7      | Noticed a two-headed ogre
  7616 | D:7      | Killed a two-headed ogre
  7616 | D:7      | Reached * piety under Okawaru
  7616 | D:7      | Reached skill level 5 in Evocations
  7819 | D:7      | Reached XP level 10. HP: 63/63 MP: 13/15
  7934 | D:7      | Found a runed translucent door.
  7935 | D:7      | Found the +10 morningstar "Eos" {elec, Halo rElec}
  7935 | D:7      | Got an ichor-stained mace
  7936 | D:7      | Identified the +5 mace "Viavin" {holy, rC+} (You found it
                  | on level 7 of the Dungeon)
  7938 | D:7      | Noticed Crazy Yiuf
  7944 | D:7      | Killed Crazy Yiuf
  8179 | D:7      | Reached skill level 1 in Maces & Flails
  8324 | D:8      | Reached skill level 9 in Fighting
  8376 | D:8      | Reached ** piety under Okawaru
  8401 | D:8      | Got a slimy copper ring
  8402 | D:8      | Identified the ring "Reegad" {rPois rN+ MR+ Str+2 Slay+3}
                  | (You found it on level 8 of the Dungeon)
  8548 | D:8      | Noticed Grum
  8575 | D:8      | Killed Grum
  9031 | D:8      | Reached *** piety under Okawaru
  9221 | D:8      | Found a snail-covered altar of Cheibriados.
  9223 | D:8      | Found Cheibriados's Comfort Zone.
  9374 | D:9      | Found a staircase to the Lair.
  9390 | D:9      | Reached XP level 11. HP: 23/70 MP: 17/17
  9754 | D:9      | Reached **** piety under Okawaru
  9754 | D:9      | Reached skill level 5 in Maces & Flails
  9755 | D:9      | Reached skill level 10 in Fighting
  9984 | D:9      | Noticed Maurice
  9990 | D:9      | Killed Maurice
 10011 | D:10     | Entered Level 10 of the Dungeon
 10207 | D:10     | Noticed a cyclops
 10210 | D:10     | Killed a cyclops
 10210 | D:10     | Received a gift from Okawaru
 10456 | D:10     | Noticed an ice dragon
 10464 | D:10     | Killed an ice dragon
 10464 | D:10     | Reached skill level 1 in Invocations
 10507 | D:10     | Reached ***** piety under Okawaru
 10528 | D:10     | Slain by a freezing wraith

Levels and vault maps discovered:
D:1:      wander_arrival_desolate, layout_basic
D:2:      layout_loops_cross, first_ration, grunt_ministairs_2, uniq_terence
D:3:      layout_loops_ring, gammafunk_temple_overflow_elements
D:4:      layout_cave_pools, minmay_overflow_temple_star_quad,
          overflow_temple_1_default, cheibrodos_ashenzari_chains,
          chequers_serial_rivers_micro_d, fedhas_bush_and_centaur_altar,
          uniq_edmund
D:5:      layout_loops_corners
D:6:      layout_loops_ring, lemuel_blue_sif_altar, okawaru_altar_gauntlet_db,
          minivault_14
D:7:      layout_gridville, minmay_temple_entry_glassed_door,
          gammafunk_ghost_smash, uniq_crazy_yiuf_cottage
D:8:      layout_basic, grunt_decor_one_mirror, minmay_shop_chei, uniq_grum
D:9:      layout_rooms, due_lair_maze_entry_diamond, hangedman_fish_farm,
          uniq_maurice
D:10:     layout_loops_corners, minmay_the_grid_2x2
          [minmay_the_grid_minigrid_medium, minmay_the_grid_rooms,
          minmay_the_grid_dragon_b,
          minmay_the_grid_prize_four_corners_diamond_b]

Skill      XL: |  1  2  3  4  5  6  7  8  9 10 11 |
---------------+----------------------------------+-----
Fighting       | 2 3 4 5 6 7 8 9 10 | 10.4
Axes           | 2 4 5 6 8 |  8.0
Armour         | 3 4 6 8 9 |  9.2
Evocations     | 5 6 7 |  7.9
Maces & Flails | 4 6 |  6.2
Invocations    | 1 |  1.7
Short Blades   | |  1.1
Dodging        | |  2.1
Stealth        | |  1.0

Action                   |  1- 3 |  4- 6 |  7- 9 | 10-12 || total
-------------------------+-------+-------+-------+-------++-------
Melee: Short sword       |    13 |       |       |       ||    13
       Kick              |    11 |    53 |    81 |    34 ||   179
       Peck              |    11 |    29 |    40 |    30 ||   110
       Hand axe          |    47 |   171 |   218 |       ||   436
       Battleaxe         |       |       |    37 |     2 ||    39
       Morningstar       |       |       |       |   189 ||   189
Throw: Dart              |       |       |     2 |     3 ||     5
 Abil: Fly               |       |     1 |       |       ||     1
Evoke: Wand              |     2 |    17 |    13 |     2 ||    34
  Use: Scroll            |       |     8 |     4 |     5 ||    17
       Potion            |       |       |       |     1 ||     1
 Stab: Sleeping          |     1 |       |       |       ||     1
       Paralysed         |       |    13 |    12 |     4 ||    29
  Eat: Chunk             |       |    12 |    18 |    15 ||    45
Armor: Leather armour    |    11 |       |       |       ||    11
       Scale mail        |    22 |    63 |    68 |     4 ||   157
       Chain mail        |       |       |       |    76 ||    76
Dodge: Dodged            |    38 |   108 |   132 |    84 ||   362
